Unix NetHack Version 5.0.0-0 post-release - last build May 23 2026 06:08:33 (1c0ff79ee797540d5714e4e18072db0edd9e58ae,branch:main).

Game began 2026-05-24 02:07:03, ended 2026-05-24 15:40:20.

DeathOnAStick, neutral male human Tourist

                       ----
                       |....`|
                       |......#####)@@
                       |....^|
                      #-..)E.|
                    #)#--.----
                         ##             |.......
                          #           ##........
                          ##          # |.......
                           #       ####
                           #       #
                           #       #                                 -+----
                        ---|----####                                 |....|
                        |.......####                                 .....|
                        |......|#                                    |<...|
                        |.......                                     |.`..|
                        --------                                     ------

DeathOnAStick the Excursionist  St:11 Dx:16 Co:18 In:15 Wi:11 Ch:16  Neutral S:18662
Dlvl:17 $:278 HP:0(105) Pw:46(46) AC:1  Xp:9/3963 T:10110 

Latest messages:
 The knife misses the sergeant.
 You are almost hit by a knife.
 The sergeant swings his mace.
 The sergeant hits!
 You hit the sergeant.
 The sergeant swings his mace.
 The sergeant hits!
 You hit the sergeant.
 The spear misses the sergeant.
 You are hit by a spear!
 You hit the sergeant!
 The sergeant swings his mace.
 The sergeant hits!
 What do you want to use or apply? [fgnvxDGHLNOQT-W or ?*] v
 In what direction? h
 The sergeant is blinded by the flash!
 The sergeant turns to flee.
 The sergeant picks up a spear.
 You hear a chugging sound.
 For some reason, the lieutenant's presence is known to you.
 You feel aggravated at the lieutenant.
 The sergeant picks up a spear.
 What do you want to use or apply? [fgnvxDGHLNOQT-W or ?*] v
 In what direction? h
 The sergeant is illuminated.
 The sergeant swings his mace.
 The sergeant just misses!
 The knife misses the sergeant.
 You are hit by a knife.
 You see here a statue of an earth elemental.
 Click!  You trigger a rolling boulder trap!
 Fortunately for you, no boulder was released.
 What do you want to use or apply? [fgnvxDGHLNOQT-W or ?*] f
 It is missed.
 You are hit by a knife.
 A knife misses you.
 You already found a monster.  Use 'm' prefix to force another search.
 You already found a monster.  Use 'm' prefix to force another search.
 You already found a monster.  Use 'm' prefix to force another search.
 You hit the lieutenant.
 The lieutenant swings her broadsword.
 The lieutenant hits!
 The lieutenant swings her broadsword.
 The lieutenant hits again!
 You die...
 Do you want your possessions identified? [ynq] (y) y
 Do you want to see your attributes? [ynq] (y) y
 Do you want an account of creatures vanquished? [ynaq] (y) y
 Do you want to see your conduct and achievements? [ynq] (y) y
 Do you want to see the dungeon overview? [ynq] (y) y

Inventory:
 Coins    ('$')
  $ - 278 gold pieces
 Weapons  (')')
  a - a +1 orcish dagger (weapon in right hand)
 Armor    ('[')
  F - an uncursed +0 dwarvish iron helm (being worn)
  l - an uncursed rusty +0 pair of iron shoes (being worn)
  c - an uncursed +0 dwarvish mithril-coat (being worn)
 Comestibles  ('%')
  t - 4 uncursed randomfruits
  X - an uncursed slime mold
  o - a cursed candy bar labeled "Fruity Oaty"
  K - an uncursed carrot
  Q - an uncursed eucalyptus leaf
  b - an uncursed food ration
  R - an uncursed fortune cookie
  I - an uncursed tin of szechuan wood nymph meat
  m - 2 uncursed lizard corpses
 Scrolls  ('?')
  e - an uncursed scroll of teleportation
 Wands    ('/')
  L - a wand of cancellation (0:6)
  W - a wand of cold (0:8)
  H - a wand of create monster (0:15)
  T - a wand of digging (0:6)
  V - a wand of digging (0:5)
  D - a wand of digging (0:3)
  U - a wand of digging (0:2)
  n - a wand of opening (0:6)
  N - a wand of sleep (0:0)
  G - a cursed wand of speed monster (0:4)
  O - a wand of undead turning (0:3)
 Tools    ('(')
  f - an uncursed sack containing 15 items
  v - an expensive camera (0:43)
  x - an uncursed skeleton key
  g - a +0 unicorn horn
 Gems/Stones  ('*')
  r - 2 uncursed luckstones

Contents of the sack:
  5699 gold pieces
  an uncursed +0 mummy wrapping
  a cursed scroll of enchant armor
  an uncursed scroll of genocide
  an uncursed scroll of punishment
  an uncursed scroll of remove curse
  an uncursed scroll of scare monster
  an uncursed scroll of taming
  a blessed potion of confusion
  a cursed potion of enlightenment
  a cursed potion of gain ability
  an uncursed potion of gain energy
  3 uncursed potions of healing
  an uncursed potion of levitation
  an uncursed worthless piece of white glass

DeathOnAStick the Tourist's attributes:

Background:
 You were an Excursionist, a level 9 male human Tourist.
 You were neutral, on a mission for The Lady
 who was opposed by Blind Io (lawful) and Offler (chaotic).
 You were right-handed.
 You were in the Dungeons of Doom, on level 17.
 You entered the dungeon 10110 turns ago.
 You had 3963 experience points, 1157 more were needed to attain level 10.
 Your score was 18662 before end-of-game adjustments.

Basics:
 You had 0 out of 105 hit points.
 You had all 46 energy points (spell power).
 Your armor class was 1.
 Your wallet contained 278 zorkmids, and
 you had 5699 more stashed away in your pack.
 Autopickup was off.

Final Characteristics:
 Your strength was 11 (peak:12, limit:18/100).
 Your dexterity was 16 (peak:17, limit:18).
 Your constitution was 18 (limit:18).
 Your intelligence was 15 (limit:18).
 Your wisdom was 11 (limit:18).
 Your charisma was 16 (limit:18).

Final Status:
 You weren't hungry.
 You were unencumbered.
 You were wielding a dagger.
 You had expert skill with dagger.

Final Attributes:
 You were piously aligned.
 You were guarded.
 You were lucky.
 You had extra luck.
 Bad luck did not time out for you.
 Good luck did not time out for you.
 You are dead.

Miscellaneous:
 You encountered 1 bones level.
 Total elapsed playing time was 2 hours, 3 minutes and 40 seconds.

Major events:
 Turn
    1: DeathOnAStick the neutral male human Tourist entered the dungeon
 1610: attained the rank of Sightseer (level 3)
 1933: entered the Gnomish Mines
 2421: reached Mine Town
 3390: attained the rank of Excursionist (level 6)
 5269: acquired the Mines' End luckstone
 8624: entered the Bigroom
10110: killed by a lieutenant

You didn't know any spells.

Skills:
 Fighting Skills
   bare handed combat [Unskilled]
   two weapon combat  [Unskilled]
   riding             [Unskilled]
 Weapon Skills
   dagger             [Expert]
   knife              [Unskilled]
   axe                [Unskilled]
   pick-axe           [Unskilled]
   short sword        [Unskilled]
   broadsword         [Unskilled]
   long sword         [Unskilled]
   two-handed sword   [Unskilled]
   saber              [Unskilled]
   mace               [Unskilled]
   morning star       [Unskilled]
   flail              [Unskilled]
   hammer             [Unskilled]
   quarterstaff       [Unskilled]
   polearms           [Unskilled]
   spear              [Unskilled]
   trident            [Unskilled]
   lance              [Unskilled]
   bow                [Unskilled]
   sling              [Unskilled]
   crossbow           [Unskilled]
   dart               [Skilled]
   shuriken           [Unskilled]
   boomerang          [Unskilled]
   whip               [Unskilled]
   unicorn horn       [Unskilled]
 Spellcasting Skills
   divination spells  [Unskilled]
   enchantment spells [Unskilled]
   escape spells      [Unskilled]

Voluntary challenges:
 Character rerolling was not enabled.
 You never genocided any monsters.
 You never polymorphed an object.
 You never changed form.
 You used no wishes.
Achievements:
 You entered a shop.
 You attained the rank of Sightseer.
 You entered the Gnomish Mines.
 You entered Minetown.
 You entered a temple.
 You attained the rank of Excursionist.
 You completed the Gnomish Mines.
 You entered the Big Room.

 The Dungeons of Doom: levels 1 to 17
    Level 1:
       A fountain.
    Level 2:
       A potion shop.
    Level 3:
       A fountain.
       Stairs down to The Gnomish Mines.
    Level 4:
       A potion shop, a fountain.
    Level 5:
       Some fountains.
    Level 6:
       Many fountains.
       Oracle of Delphi.
    Level 7:
       A fountain.
    Level 8:
       A fountain, a grave.
    Level 9:
       A fountain.
    Level 10:
    Level 11:
       Portal to Fort Ludios.
    Level 12:
       A fountain.
    Level 13:
       A fountain.
       Summoned by Twoflower.
    Level 14:
    Level 15:
       A primitive area.
    Level 16:
    Level 17: <- You were here.
       Final resting place for
          you, killed by a lieutenant.
 The Gnomish Mines: levels 4 to 11
    Level 4:
    Level 5:
    Level 6:
       Many shops, a temple and an altar, some fountains, a grave.
       Final resting place for
          sully-Bar-Orc-Mal-Cha, killed by a Green-elf.
    Level 7:
    Level 8:
    Level 9:
    Level 10:
    Level 11:
       A fountain.
 Fort Ludios:
    Level 1:


Vanquished creatures:
  2 ghosts
  a warg
  a leocrotta
  a mountain centaur
  a giant beetle
  a wolf
  a giant spider
 an ice vortex
  2 black lights
  2 gnome rulers
 an owlbear
  3 yetis
  a Green-elf
  2 lizards
  a white unicorn
  a dust vortex
  2 ravens
  a gnome mummy
  a snake
  a rope golem
  a bugbear
  a quasit
  a water nymph
  2 mountain nymphs
 an Uruk-hai
 an orc shaman
  2 rock piercers
  6 fog clouds
  2 yellow lights
 11 gnome leaders
  3 gnomish wizards
  2 kobold mummies
  a golden naga hatchling
  a gray ooze
  3 elf zombies
  a giant ant
  2 floating eyes
 12 dwarves
  2 kobold leaders
  2 hill orcs
  4 orc zombies
  2 wererats
  2 werejackals
  4 iguanas
  3 acid blobs
  2 coyotes
  a gas spore
  4 hobbits
  a manes
  2 large kobolds
  2 hobgoblins
  2 giant rats
  2 cave spiders
  a yellow mold
  a green mold
 54 gnomes
  2 garter snakes
  a gnome zombie
  6 geckos
  3 jackals
  3 goblins
 13 sewer rats
  3 grid bugs
 10 lichens
  2 kobold zombies
  9 newts
223 creatures vanquished.

No species were genocided or became extinct.

Game over:
                       ----------
                      /          \
                     /    REST    \
                    /      IN      \
                   /     PEACE      \
                  /                  \
                  |  DeathOnAStick   |
                  |     5977 Au      |
                  |   killed by a    |
                  |    lieutenant    |
                  |                  |
                  |                  |
                  |       2026       |
                 *|     *  *  *      | *
        _________)/\\_//(\/(/\)/\//\/|_)_______

Aloha DeathOnAStick the Tourist...

You died in The Dungeons of Doom on dungeon level 17 with 18105 points,
and 5977 pieces of gold, after 10110 moves.
You were level 9 with a maximum of 105 hit points when you died.

